Workbook
Name \A: #REF!
Name \A: #REF!
Name \aa: #REF!
Name \aa: #REF!
Name \aa: #REF!
Name \B: #REF!
Name \B: #REF!
Name \C: #REF!
Name \C: #REF!
Name \M: #REF!
Name \M: #REF!
Name \N: #REF!
Name \N: #REF!
Name \P: #REF!
Name \P: #REF!
Name \R: #REF!
Name \R: #REF!
Name \U: #REF!
Name \U: #REF!
Name \V: #REF!
Name \V: #REF!
Name \x: #REF!
Name \x: #REF!
Name \x: #REF!
Name ab: #REF!
Name ab: #REF!
Name bb: '[1]Attach-3 (QR)'!#REF!
Name bbbb: '[1]Attach-3 (QR)'!#REF!
Name biddername: #REF!
Name BL2A: #REF!
Name BL2A2: #REF!
Name BL2AA: #REF!
Name BL2AAA: #REF!
Name BL2B: #REF!
Name BL2BB: #REF!
Name BL2BBB: #REF!
Name BL2C: #REF!
Name BL2CC: #REF!
Name BL2CCC: #REF!
Name BL3A: #REF!
Name BL3AA: #REF!
Name BL3AAA: #REF!
Name BL3B: #REF!
Name BL3BB: #REF!
Name BL3BBB: #REF!
Name BL3C: #REF!
Name BL3CC: #REF!
Name BL3CCC: #REF!
Name BL4A: #REF!
Name BL4AA: #REF!
Name BL4AAA: #REF!
Name BL4Afsdfd: '[1]Attach-3 (QR)'!#REF!
Name BL4B: #REF!
Name BL4BB: #REF!
Name BL4BBB: #REF!
Name BL4C: #REF!
Name BL4CC: #REF!
Name BL4CCC: #REF!
Name BL5A: #REF!
Name BL5AA: #REF!

Sheet Name of Bidder
B1: Catching of monkeys in substation and residential colony premises at 400kV Nagarjunasagar Substation and leaving in forest area ” against Spec. no. SR-I/C&M/WC-4857/RFx: 5005013747 (SR1/NT/S-MISC/DOM/B00/26/14405)
B2: Spec. no. SR-I/C&M/WC-4857/RFx: 5005013747 (SR1/NT/S-MISC/DOM/B00/26/14405)
B3: Enter the details of the bidder below:
B5: Specify type of Bidder | D5: Sole Bidder
B7: =IF(D5= "Joint Venture Bid", "Total Nos. of Partners in the JV [excluding the Lead Partner]", "") | D7: 2 or more
B9: =IF(G5=3, "Name of the Lead Partner", "Name of the Bidder") -> Name of the Bidder | E9: =ISBLANK(D9) -> TRUE
B10: Address of Registered Office | E10: =ISBLANK(D10) -> TRUE
E11: =ISBLANK(D11) -> TRUE
B14: email id | E14: =ISBLANK(D14) -> TRUE
B15: Mobile no. | E15: =ISBLANK(D15) -> TRUE
B16: Printed Name | E16: =ISBLANK(D16) -> TRUE
B17: Designation | E17: =ISBLANK(D17) -> TRUE
B19: Date | E19: =ISBLANK(D19) -> TRUE
B20: Place | E20: =ISBLANK(D20) -> TRUE | F20: =IF(COUNTIF(E11:E20,"TRUE"),"False","Sheet OK") -> False
D21: =IF(F20="False","ENTER DETAILS","Sheet OK") -> ENTER DETAILS

Sheet Attach 10
A1: =#REF! -> #REF! | E1: ATTACHMENT-10
A3: =#REF! -> #REF!
A5: Integrity Pact
A8: =#REF! -> #REF! | E8: =#REF! -> #REF!
A9: Name : | B9: =#REF! -> #REF! | E9: =#REF! -> #REF!
A10: Address : | B10: =#REF! -> #REF! | E10: =#REF! -> #REF!
B11: =#REF! -> #REF! | E11: =#REF! -> #REF!
B12: =#REF! -> #REF! | E12: =#REF! -> #REF!
A14: Dear Sir,
A16: Integrity Pact is annexed herewith this Volume.
A24: Date : | B24: ='Name of Bidder'!D19 -> 0 | D24: Printed Name : | E24: ='Name of Bidder'!D16 -> 0
A25: Place : | B25: ='Name of Bidder'!D20 -> 0 | D25: Designation : | E25: ='Name of Bidder'!D17 -> 0

Sheet Attach 10 IP
A1: Instruction for printing & submitting Integrity Pact
A2: 1. | B2: The requisite format of Integrity Pact is getting generated automatically and displayed here below.
A3: 2. | B3: Take print out of first page on a non-judicial stamp paper of Rs. 100/- and other seven pages on plain A4 size paper. Such two sets shall be prepared by the bidder.
A4: 3. | B4: All the pages of both the copies of the Integrity Pact shall be signed by the authorised representative of the bidder and duly stamped.
A5: 4. | B5: Both the original copies shall be submitted by the bidder in the form of Hard Copy as part of the first envelope before due date & time of submission of the bid.
A6: 5. | B6: For further details bidders may please refer ITB Clause 9.3 (n).
K30: ='Name of Bidder'!D9 -> 0
K31: ='Name of Bidder'!D10 -> 0
K32: ='Name of Bidder'!D11 -> 0
K33: ='Name of Bidder'!D12 -> 0
A35: INTEGRITY PACT
A36: Between | K36: ='Name of Bidder'!#REF! -> #REF! | O36: ='Name of Bidder'!#REF! -> #REF!
A37: Power Grid Corporation of India Limited | K37: ='Name of Bidder'!#REF! -> #REF! | O37: ='Name of Bidder'!#REF! -> #REF!
A38: having its Registered Office at B-9, Qutab Institutional Area, Katwaria Sarai, New Delhi – 110016 hereinafter referred to as | K38: ='Name of Bidder'!#REF! -> #REF! | O38: ='Name of Bidder'!#REF! -> #REF!
A39: "POWERGRID", | K39: ='Name of Bidder'!#REF! -> #REF! | O39: ='Name of Bidder'!#REF! -> #REF!
A40: and
A41: ='Name of Bidder'!D9 -> 0 | K41: ='Name of Bidder'!#REF! -> #REF! | M41: having its Registered Office at | P41: ,
A42: =IF(#REF! = "Individual Firm", " ", " and ") -> #REF!
A43: =IF(#REF!= "Individual Firm", "",#REF!) -> #REF!
A44: =IF(#REF!= "Sole Bidder", "", "having its Registered Office at "&IF(#REF!=1,#REF!&" "&#REF!&" "&#REF!,IF(#REF!=2,#REF!&" & "&#REF!&" "&#REF!&" and " &#REF!&" & "&#REF!&" "&#REF! &IF(#REF!=2," respectively","")))) -> #REF!
A45: hereinafter referred to as
A46: "The Bidder/Contractor"
A47: Preamble
A48: ="POWERGRID intends to award, under laid-down organisational procedures, contract(s) for " &#REF! -> #REF!
A51: (Signature) | E51: (Signature)
A52: (For & On behalf of POWERGRID) | E52: (For & On behalf of Bidder/ Contractor)
A53: Integrity Pact | I53: Page 1 of 8
A54: =#REF! & " Package and Specification Number " &#REF! & " POWERGRID values full compliance with all relevant laws and regulations, and the principles of economical use of resources, and of fairness and transparency in its relations with its Bidders/ Contractors." -> #REF!
A56: In order to achieve these goals, POWERGRID and the above named Bidder/Contractor enter into this agreement called 'Integrity Pact' which will form a part of the bid.
A58: It is hereby agreed by and between the parties as under:
A60: Section I - Commitments of POWERGRID
A62: (1) | B62: POWERGRID commits itself to take all measures necessary to prevent corruption and to observe the following principles :
B64: a) | C64: No employee of POWERGRID, personally or through family members, will in connection with the tender, or the execution of the contract, demand, take a promise for or accept, for him/herself or third person, any material or other benefit which he/she is not legally entitled to.
B66: b) | C66: POWERGRID will, during the tender process treat all Bidder(s) with equity and fairness. POWERGRID will in particular, before and during the tender process, provide to all Bidder(s) the same information and will not provide to any Bidder(s) confidential/ additional information through which the Bidder(s) could obtain an advantage in relation to the tender process or the contract execution.
B68: c) | C68: POWERGRID will exclude from evaluation of Bids its such employee(s) who has any personnel interest in the Companies/Agencies participating in the Bidding/Tendering process.
A70: (2) | B70: If Chairman and Managing Director obtains information on the conduct of any employee of POWERGRID which is a criminal offence under the relevant Anti-Corruption Laws of India, or if there be a substantive suspicion in this regard, he will inform its Chief Vigilance Officer and in addition can initiate disciplinary actions under its Rules.
A72: Section II - Commitments of the Bidder/Contractor
A74: (1) | B74: The Bidder/Contractor commits himself to take all measures necessary to prevent corruption. He commits himself to observe the following principles
A76: (Signature) | E76: (Signature)
A77: (For & On behalf of POWERGRID) | E77: (For & On behalf of Bidder/ Contractor)
A78: Integrity Pact | I78: Page 2 of 8
A79: during his participation in the tender process and during the contract execution :
B80: a) | C80: The Bidder/Contractor will not, directly or through any other person or firm, offer, promise or give to POWERGRID, or to any of POWERGRID's employees involved in the tender process or the execution of the contract or to any third person any material or other benefit which he/she is not legally entitled to, in order to obtain in exchange an advantage during the tender process or the execution of the contract.
B82: b) | C82: The Bidder/Contractor will not enter into any illegal agreement or understanding, whether formal or informal with other Bidders/Contractors. This applies in particular to prices, specifications, certifications, subsidiary contracts, submission or non-submission of bids or actions to restrict competitiveness or to introduce cartelization in the bidding process.
B84: c) | C84: The Bidder/Contractor will not commit any criminal offence under the relevant Anti-corruption Laws of India; further, the Bidder/Contractor will not use for illegitimate purposes or for purposes of restrictive competition or personal gain, or pass on to others, any information provided by POWERGRID as part of the business relationship, regarding plans, technical proposals and business details, including information contained or transmitted electronically.
B86: d) | C86: The Bidder/Contractor of foreign origin shall disclose the name and address of the Agents/representatives in India, if any, involved directly or indirectly in the Bidding. Similarly, the Bidder/Contractor of Indian Nationality shall furnish the name and address of the foreign principals, if any, involved directly or indirectly in the Bidding.
B88: e) | C88: The Bidder/Contractor will, when presenting his bid, disclose any and all payments he has made, or committed to or intends to make to agents, brokers or any other intermediaries in connection with the award of the contract and/or with the execution of the contract.
B90: f) | C90: The Bidder/Contractor will not misrepresent facts or furnish false/forged documents/informations in order to influence the bidding process or the execution of the contract to the detriment of POWERGRID.
A92: (2) | B92: The Bidder/Contractor will not instigate third persons to commit offences outlined above or be an accessory to such offences.
A94: (Signature) | E94: (Signature)
A95: (For & On behalf of POWERGRID) | E95: (For & On behalf of Bidder/ Contractor)
A96: Integrity Pact | I96: Page 3 of 8
A97: Section III- Disqualification from tender process and exclusion from future contracts
A99: (1) | B99: If the Bidder, before contract award, has committed a serious transgression through a violation of Section II or in any other form such as to put his reliability or credibility as Bidder into question, POWERGRID may disqualify the Bidder from the tender process or terminate the contract, if already signed, for such reason.
A101: (2) | B101: If the Bidder/Contractor has committed a serious transgression through a violation of Section II such as to put his reliability or credibility into question, POWERGRID may after following due procedures also exclude the Bidder/Contractor from future contract award processes. The imposition and duration of the exclusion will be determined by the severity of the transgression. The severity will be determined by the circumstances of the case, in particular the number of transgressions, the position of the transgressors within the company hierarchy of the Bidder/Contractor and the amount of the damage. The exclusion will be imposed for a minimum of 12 months and maximum of 3 years.
A103: (3) | B103: If the Bidder/Contractor can prove that he has restored/recouped the damage caused by him and has installed a suitable corruption prevention system, POWERGRID may revoke the exclusion prematurely.
A105: Section IV - Liability for violation of Integrity Pact
A107: (1) | B107: If POWERGRID has disqualified the Bidder from the tender process prior to the award under Section III, POWERGRID may forfeit the Bid Guarantee under the Bid.
A109: (2) | B109: If POWERGRID has terminated the contract under Section III, POWERGRID may forfeit the Contract Performance Guarantee of this contract besides resorting to other remedies under the contract.
A111: Section V- Previous Transgression
A113: (1) | B113: The Bidder shall declare in his Bid that no previous transgressions occurred in the last 3 years with any other Public Sector Undertaking or Government Department that could justify his exclusion from the tender process.
A116: (Signature) | E116: (Signature)
A117: (For & On behalf of POWERGRID) | E117: (For & On behalf of Bidder/ Contractor)
A118: Integrity Pact | I118: Page 4 of 8
A119: (2) | B119: If the Bidder makes incorrect statement on this subject, he can be disqualified from the tender process or the contract, if already awarded, can be terminated for such reason.
A121: Section VI - Equal treatment to all Bidders / Contractors
A123: (1) | B123: POWERGRID will enter into agreements with identical conditions as this one with all Bidders.
A125: (2) | B125: POWERGRID will disqualify from the tender process any bidder who does not sign this Pact or violate its provisions.
A127: Section VII - Punitive Action against violating Bidders / Contractors
A129: If POWERGRID obtains knowledge of conduct of a Bidder or a Contractor or his subcontractor or of an employee or a representative or an associate of a Bidder or Contractor or his Subcontractor which constitutes corruption, or if POWERGRID has substantive suspicion in this regard, POWERGRID will inform the Chief Vigilance Officer (CVO).
A131: (*)Section VIII - Independent External Monitor/Monitors
A133: (1) | B133: POWERGRID has appointed a panel of Independent External Monitors (IEMs) for this Pact with the approval of Central Vigilance Commission (CVC), Government of India, out of which one of the IEMs has been indicated in the NIT/IFB.
A135: (2) | B135: The IEM is to review independently and objectively, whether and to what extent the parties comply with the obligations under this agreement. He has right of access to all project documentation. The IEM may examine any complaint received by him and submit a report to Chairman-cum-Managing Director, POWERGRID, at the earliest. He may also submit a report directly to the CVO and the CVC, in case of suspicion of serious irregularities attracting the provisions of the PC Act. However, for ensuring the desired transparency and objectivity in dealing with the complaints arising out of any tendering process, the matter shall be referred to the full panel of IEMs, who would examine the records, conduct the investigations and submit report to Chairman-cum-Managing Director, POWERGRID, giving joint findings.
A138: (Signature) | E138: (Signature)
A139: (For & On behalf of POWERGRID) | E139: (For & On behalf of Bidder/ Contractor)
A140: Integrity Pact | I140: Page 5 of 8
A141: (3) | B141: The IEM is not subject to instructions by the representatives of the parties and performs his functions neutrally and independently. He reports to the Chairman-cum-Managing Director, POWERGRID.
A143: (4) | B143: The Bidder(s)/Contractor(s) accepts that the IEM has the right to access without restriction to all documentation of POWERGRID related to this contract including that provided by the Contractor/Bidder. The Bidder/Contractor will also grant the IEM, upon his request and demonstration of a valid interest, unrestricted and unconditional access to his documentation. The same is applicable to Subcontractors. The IEM is under contractual obligation to treat the information and documents of the Bidder(s)/Contractor(s)/Subcontractor(s) with confidentiality.
A145: (5) | B145: POWERGRID will provide to the IEM information as sought by him which could have an impact on the contractual relations between POWERGRID and the Bidder/Contractor related to this contract.
A148: (6) | B148: As soon as the IEM notices, or believes to notice, a violation of this agreement, he will so inform the Chairman-cum-Managing Director, POWERGRID and request the Chairman-cum-Managing Director, POWERGRID to discontinue or take corrective action, or to take other relevant action. The IEM can in this regard submit non-binding recommendations. Beyond this, the IEM has no right to demand from the parties that they act in a specific manner, refrain from action or tolerate action. However, the IEM shall give an opportunity to POWERGRID and the Bidder/Contractor, as deemed fit, to present its case before making its recommendations to POWERGRID.
A150: (7) | B150: The IEM will submit a written report to the Chairman-cum-Managing Director, POWERGRID within 8 to 10 weeks from the date of reference or intimation to him by POWERGRID and, should the occasion arise, submit proposals for correcting problematic situations.
A152: (8) | B152: If the IEM has reported to the Chairman-cum-Managing Director, POWERGRID, a substantiated suspicion of an offence under relevant Anti-Corruption Laws of India, and the Chairman-cum-Managing Director, POWERGRID has not, within the reasonable time taken visible action to proceed against such offence or reported it to the CVO, the Monitor may also transmit this information directly to the CVC, Government of India.
A155: (Signature) | E155: (Signature)
A156: (For & On behalf of POWERGRID) | E156: (For & On behalf of Bidder/ Contractor)
A157: Integrity Pact | I157: Page 6 of 8
A158: (9) | B158: The word ‘IEM’ would include both singular and plural.
A160: (*) | B160: This Section shall be applicable for only those packages wherein the IEMs have been identified in Section – I : Invitation for Bids and/or Clause ITB 9.3 in Section – III: Bid Data Sheets of Conditions of Contract, Volume-I of the Bidding Documents.
A162: Section IX - Pact Duration
A164: This Pact begins when both parties have legally signed it. It expires for the Contractor after the closure of the contract and for all other Bidder's six month after the contract has been awarded.
A166: Section X - Other Provisions
A168: (1) | B168: This agreement is subject to Indian Law. Place of performance and jurisdiction is the establishment of POWERGRID. The Arbitration clause provided in the main tender document / contract shall not be applicable for any issue / dispute arising under Integrity Pact.
A170: (2) | B170: Changes and supplements as well as termination notices need to be made in writing.
A173: (3) | B173: If the Contractor is a partnership firm or a consortium or Joint Venture, this agreement must be signed by all partners, consortium members and Joint Venture partners.
A175: (4) | B175: Nothing in this agreement shall affect the rights of the parties available under the General Conditions of Contract (GCC) and Special Conditions of Contract (SCC).
A177: (5) | B177: Views expressed or suggestions/submissions made by the parties and the recommendations of the CVO/IEM# in respect of the violation of this agreement, shall not be relied on or introduced as evidence in the arbitral or judicial proceedings (arising out of the arbitral proceedings) by the parties in connection with the disputes/differences arising out of the subject contract.
A179: # | B179: CVO shall be applicable for packages wherein IEM are not identified in Section IFB/BDS of Condition of Contract, Volume-I. IEM shall be applicable for packages wherein IEM are identified in Section IFB/BDS of Condition of Contract, Volume-I.
A182: (Signature) | E182: (Signature)
A183: (For & On behalf of POWERGRID) | E183: (For & On behalf of Bidder/ Contractor)
A184: Integrity Pact | I184: Page 7 of 8
A185: (6) | B185: Should one or several provisions of this agreement turn out to be invalid, the remainder of this agreement remains valid. In this case, the parties will strive to come to an agreement to their original intentions.
...

Sheet N-W (Cr.)
U2: USD
A3: 155885 | F3: 4960 | K3: 10352 | P3: 691647 | U3: EURO
U4: RMB
U5: INR
A6: =IF(OR((A3>9999999999),(A3<0)),"Invalid Entry - More than 1000 crore OR -ve value",IF(A3=0, "",+CONCATENATE(U2,B13,D13,B12,D12,B11,D11,B10,D10,B9,D9,B8," Only"))) -> USD One Lac Fifty Five Thousand Eight Hundred Eighty Five Only | F6: =IF(OR((F3>9999999999),(F3<0)),"Invalid Entry - More than 1000 crore OR -ve value",IF(F3=0, "",+CONCATENATE(U3, G13,I13,G12,I12,G11,I11,G10,I10,G9,I9,G8," Only"))) -> EURO Four Thousand Nine Hundred Sixty Only | K6: =IF(OR((K3>9999999999),(K3<0)),"Invalid Entry - More than 1000 crore OR -ve value",IF(K3=0, "",+CONCATENATE(U4, L13,N13,L12,N12,L11,N11,L10,N10,L9,N9,L8," Only"))) -> RMB Ten Thousand Three Hundred Fifty Two Only | P6: =IF(OR((P3>9999999999),(P3<0)),"Invalid Entry - More than 1000 crore OR -ve value",IF(P3=0, "",+CONCATENATE(U5, Q13,S13,Q12,S12,Q11,S11,Q10,S10,Q9,S9,Q8," Only"))) -> INR Six Lac Ninety One Thousand Six Hundred Forty Seven Only | U6: =VLOOKUP(1,T30:Y45,6,FALSE) -> USD 155885/- + EURO 4960/- + RMB 10352/- + INR 691647/-
U7: =VLOOKUP(1,T10:Y25,6,FALSE) -> USD One Lac Fifty Five Thousand Eight Hundred Eighty Five Only plus EURO Four Thousand Nine Hundred Sixty Only plus RMB Ten Thousand Three Hundred Fifty Two Only plus INR Six Lac Ninety One Thousand Six Hundred Forty Seven Only
A8: =-INT(A3/100)*100+ROUND(A3,0) -> 85 | B8: =IF(A8=0,"",LOOKUP(A8,$A$15:$A$114,$B$15:$B$114)) -> Eighty Five | F8: =-INT(F3/100)*100+ROUND(F3,0) -> 60 | G8: =IF(F8=0,"",LOOKUP(F8,$A$15:$A$114,$B$15:$B$114)) -> Sixty | K8: =-INT(K3/100)*100+ROUND(K3,0) -> 52 | L8: =IF(K8=0,"",LOOKUP(K8,$A$15:$A$114,$B$15:$B$114)) -> Fifty Two | P8: =-INT(P3/100)*100+ROUND(P3,0) -> 47 | Q8: =IF(P8=0,"",LOOKUP(P8,$A$15:$A$114,$B$15:$B$114)) -> Forty Seven
A9: =-INT(A3/1000)*10+INT(A3/100) -> 8 | B9: =IF(A9=0,"",LOOKUP(A9,$A$15:$A$114,$B$15:$B$114)) -> Eight | D9: =+IF(B9="",""," Hundred ") -> Hundred | F9: =-INT(F3/1000)*10+INT(F3/100) -> 9 | G9: =IF(F9=0,"",LOOKUP(F9,$A$15:$A$114,$B$15:$B$114)) -> Nine | I9: =+IF(G9="",""," Hundred ") -> Hundred | K9: =-INT(K3/1000)*10+INT(K3/100) -> 3 | L9: =IF(K9=0,"",LOOKUP(K9,$A$15:$A$114,$B$15:$B$114)) -> Three | N9: =+IF(L9="",""," Hundred ") -> Hundred | P9: =-INT(P3/1000)*10+INT(P3/100) -> 6 | Q9: =IF(P9=0,"",LOOKUP(P9,$A$15:$A$114,$B$15:$B$114)) -> Six | S9: =+IF(Q9="",""," Hundred ") -> Hundred
A10: =-INT(A3/100000)*100+INT(A3/1000) -> 55 | B10: =IF(A10=0,"",LOOKUP(A10,$A$15:$A$114,$B$15:$B$114)) -> Fifty Five | D10: =IF((B10=""),IF(C10="",""," Thousand ")," Thousand ") -> Thousand | F10: =-INT(F3/100000)*100+INT(F3/1000) -> 4 | G10: =IF(F10=0,"",LOOKUP(F10,$A$15:$A$114,$B$15:$B$114)) -> Four | I10: =IF((G10=""),IF(H10="",""," Thousand ")," Thousand ") -> Thousand | K10: =-INT(K3/100000)*100+INT(K3/1000) -> 10 | L10: =IF(K10=0,"",LOOKUP(K10,$A$15:$A$114,$B$15:$B$114)) -> Ten | N10: =IF((L10=""),IF(M10="",""," Thousand ")," Thousand ") -> Thousand | P10: =-INT(P3/100000)*100+INT(P3/1000) -> 91 | Q10: =IF(P10=0,"",LOOKUP(P10,$A$15:$A$114,$B$15:$B$114)) -> Ninety One | S10: =IF((Q10=""),IF(R10="",""," Thousand ")," Thousand ") -> Thousand | T10: =IF(Y10="",0, 1) -> 0 | U10: 0 | V10: 0 | W10: 0 | X10: 0 | Y10: =IF(AND($A$3=0,$F$3=0,$K$3=0,$P$3=0)," Zero only", "") | AA10: plus
A11: =-INT(A3/10000000)*100+INT(A3/100000) -> 1 | B11: =IF(A11=0,"",LOOKUP(A11,$A$15:$A$114,$B$15:$B$114)) -> One | D11: =IF((B11=""),IF(C11="",""," Lac ")," Lac ") -> Lac | F11: =-INT(F3/10000000)*100+INT(F3/100000) -> 0 | G11: =IF(F11=0,"",LOOKUP(F11,$A$15:$A$114,$B$15:$B$114)) | I11: =IF((G11=""),IF(H11="",""," Lac ")," Lac ") | K11: =-INT(K3/10000000)*100+INT(K3/100000) -> 0 | L11: =IF(K11=0,"",LOOKUP(K11,$A$15:$A$114,$B$15:$B$114)) | N11: =IF((L11=""),IF(M11="",""," Lac ")," Lac ") | P11: =-INT(P3/10000000)*100+INT(P3/100000) -> 6 | Q11: =IF(P11=0,"",LOOKUP(P11,$A$15:$A$114,$B$15:$B$114)) -> Six | S11: =IF((Q11=""),IF(R11="",""," Lac ")," Lac ") -> Lac | T11: =IF(Y11="",0, 1) -> 0 | U11: 0 | V11: 0 | W11: 0 | X11: 1 | Y11: =IF(AND($A$3=0,$F$3=0,$K$3=0,$P$3>0),$P$6, "")
A12: =-INT(A3/1000000000)*100+INT(A3/10000000) -> 0 | B12: =IF(A12=0,"",LOOKUP(A12,$A$15:$A$114,$B$15:$B$114)) | D12: =IF((B12=""),IF(C12="",""," Crore ")," Crore ") | F12: =-INT(F3/1000000000)*100+INT(F3/10000000) -> 0 | G12: =IF(F12=0,"",LOOKUP(F12,$A$15:$A$114,$B$15:$B$114)) | I12: =IF((G12=""),IF(H12="",""," Crore ")," Crore ") | K12: =-INT(K3/1000000000)*100+INT(K3/10000000) -> 0 | L12: =IF(K12=0,"",LOOKUP(K12,$A$15:$A$114,$B$15:$B$114)) | N12: =IF((L12=""),IF(M12="",""," Crore ")," Crore ") | P12: =-INT(P3/1000000000)*100+INT(P3/10000000) -> 0 | Q12: =IF(P12=0,"",LOOKUP(P12,$A$15:$A$114,$B$15:$B$114)) | S12: =IF((Q12=""),IF(R12="",""," Crore ")," Crore ") | T12: =IF(Y12="",0, 1) -> 0 | U12: 0 | V12: 0 | W12: 1 | X12: 0 | Y12: =IF(AND($A$3=0,$F$3=0,$K$3>0,$P$3=0),$K$6, "")
A13: =-INT(A3/10000000000)*1000+INT(A3/1000000000) -> 0 | B13: =IF(A13=0,"",LOOKUP(A13,$A$15:$A$114,$B$15:$B$114)) | D13: =IF((B13=""),IF(C13="",""," Hundred ")," Hundred ") | F13: =-INT(F3/10000000000)*1000+INT(F3/1000000000) -> 0 | G13: =IF(F13=0,"",LOOKUP(F13,$A$15:$A$114,$B$15:$B$114)) | I13: =IF((G13=""),IF(H13="",""," Hundred ")," Hundred ") | K13: =-INT(K3/10000000000)*1000+INT(K3/1000000000) -> 0 | L13: =IF(K13=0,"",LOOKUP(K13,$A$15:$A$114,$B$15:$B$114)) | N13: =IF((L13=""),IF(M13="",""," Hundred ")," Hundred ") | P13: =-INT(P3/10000000000)*1000+INT(P3/1000000000) -> 0 | Q13: =IF(P13=0,"",LOOKUP(P13,$A$15:$A$114,$B$15:$B$114)) | S13: =IF((Q13=""),IF(R13="",""," Hundred ")," Hundred ") | T13: =IF(Y13="",0, 1) -> 0 | U13: 0 | V13: 0 | W13: 1 | X13: 1 | Y13: =IF(AND($A$3=0,$F$3=0,$K$3>0,$P$3>0),$K$6&$AA$10&$P$6, "")
T14: =IF(Y14="",0, 1) -> 0 | U14: 0 | V14: 1 | W14: 0 | X14: 0 | Y14: =IF(AND($A$3=0,$F$3>0,$K$3=0,$P$3=0),$F$6, "")
A15: 1 | B15: One | F15: 1 | G15: One | K15: 1 | L15: One | P15: 1 | Q15: One | T15: =IF(Y15="",0, 1) -> 0 | U15: 0 | V15: 1 | W15: 0 | X15: 1 | Y15: =IF(AND($A$3=0,$F$3>0,$K$3=0,$P$3>0),$F$6&$AA$10&$P$6, "")
A16: 2 | B16: Two | F16: 2 | G16: Two | K16: 2 | L16: Two | P16: 2 | Q16: Two | T16: =IF(Y16="",0, 1) -> 0 | U16: 0 | V16: 1 | W16: 1 | X16: 0 | Y16: =IF(AND($A$3=0,$F$3>0,$K$3>0,$P$3=0),$F$6&$AA$10&$K$6, "")
A17: 3 | B17: Three | F17: 3 | G17: Three | K17: 3 | L17: Three | P17: 3 | Q17: Three | T17: =IF(Y17="",0, 1) -> 0 | U17: 0 | V17: 1 | W17: 1 | X17: 1 | Y17: =IF(AND($A$3=0,$F$3>0,$K$3>0,$P$3>0),$F$6&$AA$10&$K$6&$AA$10&$P$6, "")
A18: 4 | B18: Four | F18: 4 | G18: Four | K18: 4 | L18: Four | P18: 4 | Q18: Four | T18: =IF(Y18="",0, 1) -> 0 | U18: 1 | V18: 0 | W18: 0 | X18: 0 | Y18: =IF(AND($A$3>0,$F$3=0,$K$3=0,$P$3=0), $A$6, "")
A19: 5 | B19: Five | F19: 5 | G19: Five | K19: 5 | L19: Five | P19: 5 | Q19: Five | T19: =IF(Y19="",0, 1) -> 0 | U19: 1 | V19: 0 | W19: 0 | X19: 1 | Y19: =IF(AND($A$3>0,$F$3=0,$K$3=0,$P$3>0),$A$6&$AA$10&$P$6, "")
A20: 6 | B20: Six | F20: 6 | G20: Six | K20: 6 | L20: Six | P20: 6 | Q20: Six | T20: =IF(Y20="",0, 1) -> 0 | U20: 1 | V20: 0 | W20: 1 | X20: 0 | Y20: =IF(AND($A$3>0,$F$3=0,$K$3>0,$P$3=0),$A$6&$AA$10&$K$6, "")
A21: 7 | B21: Seven | F21: 7 | G21: Seven | K21: 7 | L21: Seven | P21: 7 | Q21: Seven | T21: =IF(Y21="",0, 1) -> 0 | U21: 1 | V21: 0 | W21: 1 | X21: 1 | Y21: =IF(AND($A$3>0,$F$3=0,$K$3>0,$P$3>0),$A$6&$AA$10&$K$6&$AA$10&$P$6, "")
A22: 8 | B22: Eight | F22: 8 | G22: Eight | K22: 8 | L22: Eight | P22: 8 | Q22: Eight | T22: =IF(Y22="",0, 1) -> 0 | U22: 1 | V22: 1 | W22: 0 | X22: 0 | Y22: =IF(AND($A$3>0,$F$3>0,$K$3=0,$P$3=0),$A$6&$AA$10&$F$6, "")
A23: 9 | B23: Nine | F23: 9 | G23: Nine | K23: 9 | L23: Nine | P23: 9 | Q23: Nine | T23: =IF(Y23="",0, 1) -> 0 | U23: 1 | V23: 1 | W23: 0 | X23: 1 | Y23: =IF(AND($A$3>0,$F$3>0,$K$3=0,$P$3>0),$A$6&$AA$10&$F$6&$AA$10&$P$6, "")
A24: 10 | B24: Ten | F24: 10 | G24: Ten | K24: 10 | L24: Ten | P24: 10 | Q24: Ten | T24: =IF(Y24="",0, 1) -> 0 | U24: 1 | V24: 1 | W24: 1 | X24: 0 | Y24: =IF(AND($A$3>0,$F$3>0,$K$3>0,$P$3=0),$A$6&$AA$10&$F$6&$AA$10&$K$6, "")
A25: 11 | B25: Eleven | F25: 11 | G25: Eleven | K25: 11 | L25: Eleven | P25: 11 | Q25: Eleven | T25: =IF(Y25="",0, 1) -> 1 | U25: 1 | V25: 1 | W25: 1 | X25: 1 | Y25: =IF(AND($A$3>0,$F$3>0,$K$3>0,$P$3>0),$A$6&$AA$10&$F$6&$AA$10&$K$6&$AA$10&$P$6, "") -> USD One Lac Fifty Five Thousand Eight Hundred Eighty Five Only plus EURO Four Thousand Nine Hundred Sixty Only plus RMB Ten Thousand Three Hundred Fifty Two Only plus INR Six Lac Ninety One Thousand Six Hundred Forty Seven Only
A26: 12 | B26: Twelve | F26: 12 | G26: Twelve | K26: 12 | L26: Twelve | P26: 12 | Q26: Twelve
A27: 13 | B27: Thirteen | F27: 13 | G27: Thirteen | K27: 13 | L27: Thirteen | P27: 13 | Q27: Thirteen
A28: 14 | B28: Fourteen | F28: 14 | G28: Fourteen | K28: 14 | L28: Fourteen | P28: 14 | Q28: Fourteen
A29: 15 | B29: Fifteen | F29: 15 | G29: Fifteen | K29: 15 | L29: Fifteen | P29: 15 | Q29: Fifteen
A30: 16 | B30: Sixteen | F30: 16 | G30: Sixteen | K30: 16 | L30: Sixteen | P30: 16 | Q30: Sixteen | T30: =IF(Y30="",0, 1) -> 0 | U30: 0 | V30: 0 | W30: 0 | X30: 0 | Y30: =IF(AND($A$3=0,$F$3=0,$K$3=0,$P$3=0)," 0/-", "") | AA30: +
A31: 17 | B31: Seventeen | F31: 17 | G31: Seventeen | K31: 17 | L31: Seventeen | P31: 17 | Q31: Seventeen | T31: =IF(Y31="",0, 1) -> 0 | U31: 0 | V31: 0 | W31: 0 | X31: 1 | Y31: =IF(AND($A$3=0,$F$3=0,$K$3=0,$P$3>0),$U$5&$P$3&$AA$32, "") | AA31: /- +
A32: 18 | B32: Eighteen | F32: 18 | G32: Eighteen | K32: 18 | L32: Eighteen | P32: 18 | Q32: Eighteen | T32: =IF(Y32="",0, 1) -> 0 | U32: 0 | V32: 0 | W32: 1 | X32: 0 | Y32: =IF(AND($A$3=0,$F$3=0,$K$3>0,$P$3=0),$U$4&$K$3&$AA$32, "") | AA32: /-
A33: 19 | B33: Nineteen | F33: 19 | G33: Nineteen | K33: 19 | L33: Nineteen | P33: 19 | Q33: Nineteen | T33: =IF(Y33="",0, 1) -> 0 | U33: 0 | V33: 0 | W33: 1 | X33: 1 | Y33: =IF(AND($A$3=0,$F$3=0,$K$3>0,$P$3>0),$U$4&$K$3&$AA$31&$U$5&$P$3&$AA$32, "")
A34: 20 | B34: Twenty | F34: 20 | G34: Twenty | K34: 20 | L34: Twenty | P34: 20 | Q34: Twenty | T34: =IF(Y34="",0, 1) -> 0 | U34: 0 | V34: 1 | W34: 0 | X34: 0 | Y34: =IF(AND($A$3=0,$F$3>0,$K$3=0,$P$3=0),$U$3&$F$3&$AA$32, "")
A35: 21 | B35: Twenty One | F35: 21 | G35: Twenty One | K35: 21 | L35: Twenty One | P35: 21 | Q35: Twenty One | T35: =IF(Y35="",0, 1) -> 0 | U35: 0 | V35: 1 | W35: 0 | X35: 1 | Y35: =IF(AND($A$3=0,$F$3>0,$K$3=0,$P$3>0),$U$3&$F$3&$AA$31&$U$5&$P$3&$AA$32, "")
A36: 22 | B36: Twenty Two | F36: 22 | G36: Twenty Two | K36: 22 | L36: Twenty Two | P36: 22 | Q36: Twenty Two | T36: =IF(Y36="",0, 1) -> 0 | U36: 0 | V36: 1 | W36: 1 | X36: 0 | Y36: =IF(AND($A$3=0,$F$3>0,$K$3>0,$P$3=0),$U$3&$F$3&$AA$31&$U$4&$K$3, "")
A37: 23 | B37: Twenty Three | F37: 23 | G37: Twenty Three | K37: 23 | L37: Twenty Three | P37: 23 | Q37: Twenty Three | T37: =IF(Y37="",0, 1) -> 0 | U37: 0 | V37: 1 | W37: 1 | X37: 1 | Y37: =IF(AND($A$3=0,$F$3>0,$K$3>0,$P$3>0),$U$3&$F$3&$AA$31&$U$4&$K$3&$AA$31&$U$5&$P$3&$AA$32, "")
A38: 24 | B38: Twenty Four | F38: 24 | G38: Twenty Four | K38: 24 | L38: Twenty Four | P38: 24 | Q38: Twenty Four | T38: =IF(Y38="",0, 1) -> 0 | U38: 1 | V38: 0 | W38: 0 | X38: 0 | Y38: =IF(AND($A$3>0,$F$3=0,$K$3=0,$P$3=0), $U$2&$A$3&$AA$32, "")
A39: 25 | B39: Twenty Five | F39: 25 | G39: Twenty Five | K39: 25 | L39: Twenty Five | P39: 25 | Q39: Twenty Five | T39: =IF(Y39="",0, 1) -> 0 | U39: 1 | V39: 0 | W39: 0 | X39: 1 | Y39: =IF(AND($A$3>0,$F$3=0,$K$3=0,$P$3>0),$U$2&$A$3&$AA$31&$U$5&$P$3&$AA$32, "")
A40: 26 | B40: Twenty Six | F40: 26 | G40: Twenty Six | K40: 26 | L40: Twenty Six | P40: 26 | Q40: Twenty Six | T40: =IF(Y40="",0, 1) -> 0 | U40: 1 | V40: 0 | W40: 1 | X40: 0 | Y40: =IF(AND($A$3>0,$F$3=0,$K$3>0,$P$3=0),$U$2&$A$3&$AA$31&$U$4&$K$3, "")
A41: 27 | B41: Twenty Seven | F41: 27 | G41: Twenty Seven | K41: 27 | L41: Twenty Seven | P41: 27 | Q41: Twenty Seven | T41: =IF(Y41="",0, 1) -> 0 | U41: 1 | V41: 0 | W41: 1 | X41: 1 | Y41: =IF(AND($A$3>0,$F$3=0,$K$3>0,$P$3>0),$U$2&$A$3&$AA$31&$U$4&$K$3&$AA$31&$U$5&$P$3&$AA$32, "")
A42: 28 | B42: Twenty Eight | F42: 28 | G42: Twenty Eight | K42: 28 | L42: Twenty Eight | P42: 28 | Q42: Twenty Eight | T42: =IF(Y42="",0, 1) -> 0 | U42: 1 | V42: 1 | W42: 0 | X42: 0 | Y42: =IF(AND($A$3>0,$F$3>0,$K$3=0,$P$3=0),$U$2&$A$3&$AA$31&$U$3&$F$3, "")
A43: 29 | B43: Twenty Nine | F43: 29 | G43: Twenty Nine | K43: 29 | L43: Twenty Nine | P43: 29 | Q43: Twenty Nine | T43: =IF(Y43="",0, 1) -> 0 | U43: 1 | V43: 1 | W43: 0 | X43: 1 | Y43: =IF(AND($A$3>0,$F$3>0,$K$3=0,$P$3>0),$U$2&$A$3&$AA$31&$U$3&$F$3&$AA$31&$U$5&$P$3&$AA$32, "")
A44: 30 | B44: Thirty | F44: 30 | G44: Thirty | K44: 30 | L44: Thirty | P44: 30 | Q44: Thirty | T44: =IF(Y44="",0, 1) -> 0 | U44: 1 | V44: 1 | W44: 1 | X44: 0 | Y44: =IF(AND($A$3>0,$F$3>0,$K$3>0,$P$3=0),$U$2&$A$3&$AA$31&$U$3&$F$3&$AA$31&$U$4&$K$3, "")
A45: 31 | B45: Thirty One | F45: 31 | G45: Thirty One | K45: 31 | L45: Thirty One | P45: 31 | Q45: Thirty One | T45: =IF(Y45="",0, 1) -> 1 | U45: 1 | V45: 1 | W45: 1 | X45: 1 | Y45: =IF(AND($A$3>0,$F$3>0,$K$3>0,$P$3>0),$U$2&$A$3&$AA$31&$U$3&$F$3&$AA$31&$U$4&$K$3&$AA$31&$U$5&$P$3&$AA$32, "") -> USD 155885/- + EURO 4960/- + RMB 10352/- + INR 691647/-
A46: 32 | B46: Thirty Two | F46: 32 | G46: Thirty Two | K46: 32 | L46: Thirty Two | P46: 32 | Q46: Thirty Two
A47: 33 | B47: Thirty Three | F47: 33 | G47: Thirty Three | K47: 33 | L47: Thirty Three | P47: 33 | Q47: Thirty Three
A48: 34 | B48: Thirty Four | F48: 34 | G48: Thirty Four | K48: 34 | L48: Thirty Four | P48: 34 | Q48: Thirty Four
A49: 35 | B49: Thirty Fivr | F49: 35 | G49: Thirty Fivr | K49: 35 | L49: Thirty Fivr | P49: 35 | Q49: Thirty Fivr
A50: 36 | B50: Thirty Six | F50: 36 | G50: Thirty Six | K50: 36 | L50: Thirty Six | P50: 36 | Q50: Thirty Six
A51: 37 | B51: Thirty Seven | F51: 37 | G51: Thirty Seven | K51: 37 | L51: Thirty Seven | P51: 37 | Q51: Thirty Seven
A52: 38 | B52: Thirty Eight | F52: 38 | G52: Thirty Eight | K52: 38 | L52: Thirty Eight | P52: 38 | Q52: Thirty Eight
A53: 39 | B53: Thirty Nine | F53: 39 | G53: Thirty Nine | K53: 39 | L53: Thirty Nine | P53: 39 | Q53: Thirty Nine
A54: 40 | B54: Forty | F54: 40 | G54: Forty | K54: 40 | L54: Forty | P54: 40 | Q54: Forty
A55: 41 | B55: Forty One | F55: 41 | G55: Forty One | K55: 41 | L55: Forty One | P55: 41 | Q55: Forty One
A56: 42 | B56: Forty Two | F56: 42 | G56: Forty Two | K56: 42 | L56: Forty Two | P56: 42 | Q56: Forty Two
A57: 43 | B57: Forty Three | F57: 43 | G57: Forty Three | K57: 43 | L57: Forty Three | P57: 43 | Q57: Forty Three
... A114: 100 | B114: One Hundred | F114: 100 | G114: One Hundred | K114: 100 | L114: One Hundred | P114: 100 | Q114: One Hundred
A120: BG VALUE:
A122: =#REF! -> #REF!
A124: =#REF! -> #REF!
A127: =IF(OR((A124>9999999999),(A124<0)),"Invalid Entry - More than 1000 crore OR -ve value",IF(A124=0, "",+CONCATENATE(A122," ", U123,B134,D134,B133,D133,B132,D132,B131,D131,B130,D130,B129," Only"))) -> #REF!
A129: =-INT(A124/100)*100+ROUND(A124,0) -> #REF! | B129: =IF(A129=0,"",LOOKUP(A129,$A$15:$A$114,$B$15:$B$114)) -> #REF!
A130: =-INT(A124/1000)*10+INT(A124/100) -> #REF! | B130: =IF(A130=0,"",LOOKUP(A130,$A$15:$A$114,$B$15:$B$114)) -> #REF! | D130: =+IF(B130="",""," Hundred ") -> #REF!
A131: =-INT(A124/100000)*100+INT(A124/1000) -> #REF! | B131: =IF(A131=0,"",LOOKUP(A131,$A$15:$A$114,$B$15:$B$114)) -> #REF! | D131: =IF((B131=""),IF(C131="",""," Thousand ")," Thousand ") -> #REF!
A132: =-INT(A124/10000000)*100+INT(A124/100000) -> #REF! | B132: =IF(A132=0,"",LOOKUP(A132,$A$15:$A$114,$B$15:$B$114)) -> #REF! | D132: =IF((B132=""),IF(C132="",""," Lac ")," Lac ") -> #REF!
A133: =-INT(A124/1000000000)*100+INT(A124/10000000) -> #REF! | B133: =IF(A133=0,"",LOOKUP(A133,$A$15:$A$114,$B$15:$B$114)) -> #REF! | D133: =IF((B133=""),IF(C133="",""," Crore ")," Crore ") -> #REF!
A134: =-INT(A124/10000000000)*1000+INT(A124/1000000000) -> #REF! | B134: =IF(A134=0,"",LOOKUP(A134,$A$15:$A$114,$B$15:$B$114)) -> #REF! | D134: =IF((B134=""),IF(C134="",""," Hundred ")," Hundred ") -> #REF!
A136: 1 | B136: One
A137: 2 | B137: Two
A138: 3 | B138: Three
A139: 4 | B139: Four
A140: 5 | B140: Five
A141: 6 | B141: Six
A142: 7 | B142: Seven
A143: 8 | B143: Eight
A144: 9 | B144: Nine
A145: 10 | B145: Ten
A146: 11 | B146: Eleven
A147: 12 | B147: Twelve
... A235: 100 | B235: One Hundred

Sheet Schedule-I
B1: ='Name of Bidder'!B1:D1 -> Catching of monkeys in substation and residential colony premises at 400kV Nagarjunasagar Substation and leaving in forest area ” against Spec. no. SR-I/C&M/WC-4857/RFx: 5005013747 (SR1/NT/S-MISC/DOM/B00/26/14405)
B2: ='Name of Bidder'!B2:D2 -> Spec. no. SR-I/C&M/WC-4857/RFx: 5005013747 (SR1/NT/S-MISC/DOM/B00/26/14405)
B3: Schedule-I : DSR Scheduled Items
A4: Bidder’s Name and Address (Sole Bidder) : | D4: ='Name of Bidder'!D9 -> 0 | L4: To:
A5: Name : | D5: ='Name of Bidder'!D9 -> 0 | L5: Contract Services
A6: Address : | D6: ='Name of Bidder'!D10 -> 0 | L6: Power Grid Corporation of India Ltd.,
D7: ='Name of Bidder'!D11 -> 0 | L7: Southern Region Transmission system -I
D8: ='Name of Bidder'!D12 -> 0 | L8: Kavadiguda Main Raod, Secunderabad - 500080
B10: Sl. No. | C10: DSR 2023 Ref No: | D10: Service Code | E10: SAC (Service Accounting Codes) | F10: Whether SAC in column ‘4’ is confirmed. If not indicate applicable the SAC # | G10: Rate of GST applicable ( in %) | H10: Whether rate of GST in column ‘6’ is confirmed. If not indicate applicable rate of GST # | I10: Description (DSR'23 Items- Civil Works) | J10: Unit | K10: Quantity | L10: Unit Erection Charges including GST as per DSR 2023 | M10: GST % Excluded in DSR 2023 | N10: Unit Erection Charges excluding GST | O10: Amount excluding GST | P10: Total Tax GST
B11: 1 | C11: 2 | D11: 3 | E11: 4 | F11: 5 | G11: 6 | H11: 7 | I11: 8 | J11: 9 | K11: 10 | L11: 11 | M11: 12 | N11: 13=11/1.12 | O11: 14=13*10 | P11: 15=18% of 14
B12: 50 | C12: 1.24.1 | I12: NIL | K12: 0 | L12: 0 | M12: =ROUND((L12/1.18),2) -> 0 | N12: =ROUND(L12/1.18,2) -> 0 | O12: =ROUND(N12*K12,2) -> 0 | P12: =ROUND(O12*18%,2) -> 0
I13: Total of Schedule Items as per DSR 2023 for PART B | O13: =SUM(O12:O12) -> 0 | P13: =SUM(P12:P12) -> 0
I14: Total of Schedule Items for PART A+PART B | O14: =+O13 -> 0 | P14: =+P13 -> 0
I15: Quote percentage (%) above/below +/- on total amount of DSR 2023 Rates excluding GST mentioned above (to be quoted by Bidder) | O15: 0
I16: Amount above/below +/- on the amount for DSR Items as per bidder's quoted percentage | O16: =O15*O14 -> 0 | P16: =+P14*O15 -> 0
I17: Total of Schedule I excluding GST | O17: =+O16+O14 -> 0 | P17: =+P16+P14 -> 0
I18: Total GST forSchedule-I | P18: =+O17+P17 -> 0
A19: =IF(O15="","As the %variation w.r.t total DSR Amount cell left Blank the bid is considered as Non-responsive","Sheet OK") -> Sheet OK

Sheet Schedule-II
A1: ='Name of Bidder'!B1 -> Catching of monkeys in substation and residential colony premises at 400kV Nagarjunasagar Substation and leaving in forest area ” against Spec. no. SR-I/C&M/WC-4857/RFx: 5005013747 (SR1/NT/S-MISC/DOM/B00/26/14405)
A2: Schedule-II : Non-Scheduled Items
A3: Bidder’s Name | D3: ='Name of Bidder'!D9 -> 0 | J3: To:
A4: Address : | D4: ='Name of Bidder'!D10 -> 0 | J4: Contract Services
D5: ='Name of Bidder'!D11 -> 0 | J5: Power Grid Corporation of India Ltd.,
D6: ='Name of Bidder'!D12 -> 0 | J6: Southern Region Transmission system -I
J7: Kavadiguda Main Raod, Secunderabad - 500080
A8: Sl. No. | B8: Service Number | C8: SAC Code | D8: Whether SAC in column ‘2’ is confirmed. If not indicate applicable the SAC # | E8: Rate of GST applicable ( in %) | F8: Whether rate of GST in column ‘4’ is confirmed. If not indicate applicable rate of GST # | G8: Description (Non Schedule Items) | H8: Unit | I8: Quantity | J8: Unit Rate without GST | K8: Total Amount | L8: GST | M8: Remarks | P8: =COUNTIF(J11:J14,"") -> 4
A9: 1 | C9: 2 | D9: 3 | E9: 4 | F9: 5 | G9: 6 | H9: 7 | I9: 8 | J9: 9 | K9: 10= 8 x 9 | L9: 11 = Appl GST% of 10 | P9: =COUNTIF(I11:I14,">0") -> 4
G10: NON-SCHEDULE ITEMS
A11: 1 | E11: 0.18 | G11: Catching of Monkeys | H11: Each | I11: 150 | K11: =J11*I11 -> 0 | L11: =K11*E11 -> 0 | M11: =IF($P$9<>$P$8,IF(OR(J11="",J11=0),"Included in other item",""),"") | Q11: 3.49
A12: 2 | E12: 0.18 | G12: Feeding of Monkeys per Monkey per day | H12: Each | I12: 600 | K12: =J12*I12 -> 0 | L12: =K12*E12 -> 0 | M12: =IF($P$9<>$P$8,IF(OR(J12="",J12=0),"Included in other item",""),"") | Q12: 3.99
A13: 3 | E13: 0.18 | G13: Transportation Charges for Monkeys (Vehicle should be able to carry 100 monkeys in cages and shall be paid for only one way) | H13: Km | I13: 1000 | K13: =J13*I13 -> 0 | L13: =K13*E13 -> 0
A14: 4 | E14: 0.18 | G14: Charges for Co-Ordination for Sterilisation of Monkeys | H14: Each | I14: 150 | K14: =J14*I14 -> 0 | L14: =K14*E14 -> 0 | M14: =IF($P$9<>$P$8,IF(OR(J14="",J14=0),"Included in other item",""),"") | Q14: 3.39
G15: Total of Non-Schedule Items(Part-A+Part-B) | K15: =IF(P9=P8,"", SUM(K11:K14)) | L15: =IF(P9=P8,"", SUM(L11:L14)) | N15: =IF(COUNTIF(N6:N9,"TRUE"),"False","Sheet OK") -> Sheet OK | Q15: =K15*1.18 -> #VALUE!
A16: =IF(K15="","As all the line items are Left Blank the bid is considered as Non-responsive","Sheet OK") -> As all the line items are Left Blank the bid is considered as Non-responsive | Q16: =K15+L15 -> #VALUE!
N18: =IF(COUNTIF(N11:N17,"TRUE"),"False","Sheet OK") -> Sheet OK

Sheet Schedule-III-Summary
A1: ='Name of Bidder'!B1 -> Catching of monkeys in substation and residential colony premises at 400kV Nagarjunasagar Substation and leaving in forest area ” against Spec. no. SR-I/C&M/WC-4857/RFx: 5005013747 (SR1/NT/S-MISC/DOM/B00/26/14405)
A2: ='Name of Bidder'!B2 -> Spec. no. SR-I/C&M/WC-4857/RFx: 5005013747 (SR1/NT/S-MISC/DOM/B00/26/14405)
A3: (GRAND SUMMARY)
A4: Bidder’s Name and Address (Sole Bidder) : | C4: To:
A5: Name : | B5: ='Schedule-I'!D4 -> 0 | C5: Contract Services
A6: Address : | B6: ='Schedule-I'!D6 -> 0 | C6: Power Grid Corporation of India Ltd.,
B7: ='Schedule-I'!D7 -> 0 | C7: Southern Region Transmission system -I
B8: ='Schedule-I'!D8 -> 0 | C8: Kavadiguda Main Raod, Secunderabad - 500080
A9: Sl. No. | B9: Description | D9: Total Price (INR)
A10: 1.1 | B10: TOTAL SCHEDULE NO. I
B11: Supply & Installation Charges- Schedule Civil Item & Electrical items | D11: =IF('Schedule-I'!O15="","Not Quoted",'Schedule-I'!O17) -> 0
A12: 1.2 | B12: TOTAL SCHEDULE NO. II
B13: Non-Schedule items for Catching of monkeys in substation and residential colony premises at 400kV Nagarjunasagar Substation and leaving in forest area | D13: ='Schedule-II'!K15
A14: 1.3 | B14: GST
B15: GST on Schedule-I | D15: =IF('Schedule-I'!O15="","Not quoted",'Schedule-I'!P17) -> 0
B16: GST on Schedule-II | D16: =IF('Schedule-II'!K15="","Not Quoted",'Schedule-II'!L15) -> Not Quoted
A18: 1 | B18: Total of Service/Installation Charge (ITEMS TAB: Item 01 INSTALLATION FOR DCB (INR) : SRM ATB for BID PRICE SUMMARY Statement ) | D18: =IF(OR(D11="Not Quoted",D13="Not Quoted"),"Non Responsive",D11+D13) -> #VALUE!
A21: 2 | B21: Total GST against Service/Installation Charge (ITEMS TAB: Item 02 GST - SERVICES FOR SRM ATB for BID PRICE SUMMARY Statement ) | D21: =IF(D18="Non Responsive","Non Responsive", SUM(D15:D16)) -> #VALUE!
A23: 3 | B23: GRAND TOTAL | D23: =IF(D18="Non Responsive","Non Responsive", SUM(D18:D21)) -> #VALUE!
A26: Date : | B26: ='Name of Bidder'!D19 -> 0 | C26: Printed Name : | D26: ='Name of Bidder'!D16 -> 0
A27: Place : | B27: ='Name of Bidder'!D20 -> 0 | C27: Designation : | D27: ='Name of Bidder'!D17 -> 0

Sheet Bid Form
A1: ='Schedule-III-Summary'!A2:D2 -> Spec. no. SR-I/C&M/WC-4857/RFx: 5005013747 (SR1/NT/S-MISC/DOM/B00/26/14405) | F1: Bid Form 2nd Envelope
A3: BID FORM (Second Envelope)
A5: Bid Proposal Ref. No.
A6: Date : | B6: ='Name of Bidder'!D19 -> 0
A8: To:
A9: Contract Services
A10: Power Grid Corporation of India Ltd.,
A11: Southern Region Transmission System-I
A15: Name of Contract : | C15: ='Name of Bidder'!B1 -> Catching of monkeys in substation and residential colony premises at 400kV Nagarjunasagar Substation and leaving in forest area ” against Spec. no. SR-I/C&M/WC-4857/RFx: 5005013747 (SR1/NT/S-MISC/DOM/B00/26/14405)
A16: Dear Ladies and/or Gentlemen,
A17: 1 | B17: =Z17 &AB17 & AC17 & AA17 -> #VALUE! | Z17: In continuation of First Envelope of our Bid, we hereby submit the Second Envelope of the Bid, both of which shall be read together and in conjunction with each other, and shall be construed as an integral part of our Bid. Accordingly, we the undersigned, offer to undertake the above-named package in full conformity with the said Bidding Documents for the sum of Rs. | AA17: /- only or such other sums as may be determined in accordance with the terms and conditions of the Bidding Documents. | AB17: ='Schedule-III-Summary'!D23 -> #VALUE!
B18: The above amounts are in accordance with the price schedules attached herewith and are made part of this bid.
A19: 2 | B19: Price Schedules
A20: 2.1 | B20: In line with the requirements of the Bidding documents, we enclose herewith the following Price Schedules, duly filled - in as per your proforma:
B21: Sch-1 | C21: Schedules Items as per DSR 2023 excluding GST
B22: Sch-2 | C22: Non-Scheduled Items
B23: Sch-3 | C23: Grand Summary
A25: 2.2 | B25: We are aware that the Price Schedules do not generally give a full description of the Work to be performed under each item and we shall be deemed to have read the Technical Specifications and other sections of the Bidding Documents and Drawings to ascertain the full scope of Work included in each item while filling-in the rates and prices. We agree that the entered rates and prices shall be deemed to include for the full scope as aforesaid, including overheads and profit.
A26: 2.3 | B26: We declare that as specified in Clause 4.6, ITB, Vol.-IA of the Bidding Documents, the prices of all the Services to be supplied under this contract shall be FIRM and doesnot subject to any price adjustment as per relevant clauses in bidding document.
A27: 2.4 | B27: We understand that in the price schedules, where there are errors between the total of the amounts given under the column for the price Breakdown and the amount given under the Total Price, the former shall prevail and the latter will be corrected accordingly. We further understand that where there are discrepancies between amounts stated in figures and amounts stated in words, the amount stated in words shall prevail. Similarly, any discrepancy in the total bid price and that of the summation of Schedule price (price indicated in a Schedule indicating the total of that schedule), the total bid price shall be corrected to reflect the actual summation of the Schedule prices.
A28: 3 | B28: We confirm that except as otherwise specifically provided our Bid Prices in this Second Envelope include all taxes, duties, levies and charges as may be assessed on us/our Associate (applicable for Foreign Bidder), our Sub-Contractor/Sub-Vendor or their employees by all municipal, state or national government authorities in connection with the Facilities, in and outside of India.
A29: 3.1 | B29: 100% of applicable Taxes and Duties i.e GST , which are payable by the Employer under the Contract, shall be reimbursed by the Employer on production of satisfactory documentary evidence by the Contractor in accordance with the provisions of the Bidding Documents.
A30: 3.2 | B30: We further understand that notwithstanding 3.0 above, in case of award on us, you shall also bear and pay/reimburse to us, GST applicable on Installation Services specified in Schedule No. I & II of the Price Schedule in this Second Envelope, by the Indian Laws.
A31: 3.3 | B31: We confirm that we have also registered/we shall also get registered in the GST Network with a GSTIN, in all the states where the project is located and the states from which we shall make our supply of goods.
A32: 4 | B32: # (For Joint Venture only) We, the partners of Joint Venture submitting this bid, do agree and confirm that in case of Award of Contract on the Joint Venture, we shall be jointly and severally liable and responsible for the execution of the Contract in accordance with Contract terms and conditions.
A33: 5 | B33: We, hereby, declare that only the persons or firms interested in this proposal as principals are named here and that no other persons or firms other than those mentioned herein have any interest in this proposal or in the Contract to be entered into, if the award is made on us, that this proposal is made without any connection with any other person, firm or party likewise submitting a proposal is in all respects for and in good faith, without collusion or fraud.
B34: =IF(ISERROR("Dated this " & AG6 & LOOKUP(AG6,AE1:AE27,AF1:AF27) & " day of " & AG8 & " " &AG9), "", "Dated this " & AG6 & LOOKUP(AG6,AE1:AE27,AF1:AF27) & " day of " & AG8 & " " &AG9)
B35: Thanking you, we remain,
F36: Yours faithfully,
F37: ="For and on behalf of " & 'Schedule-I'!D4 -> For and on behalf of 0
A39: Date : | B39: ='Name of Bidder'!D19 -> 0 | E39: Printed Name : | F39: ='Name of Bidder'!D16 -> 0
A40: Place : | B40: ='Name of Bidder'!D20 -> 0 | E40: Designation : | F40: ='Name of Bidder'!D17 -> 0
A42: Please provide additional information of the Bidder
A43: Business Address :
A46: Country of Incorporation :
A47: State/Province to be indicated :
A48: Name of Principal Officer :
A49: Address of Principal Officer :
A52: ="Note: Bidders may note that no prescribed proforma has been enclosed for Attachment 2 : Power of Attorney. Bidders may use their own proforma for furnishing the required information with the bid." -> Note: Bidders may note that no prescribed proforma has been enclosed for Attachment 2 : Power of Attorney. Bidders may use their own proforma for furnishing the required information with the bid.
A53: * * *
